 Dungeon Crawl Stone Soup version 0.29.1-13-g9f3cf754e1 (webtiles) character file.

Game seed: 10026979372213037959

62485 zlionsfan the Thaumaturge (level 15, 0/115 HPs)
             Began as a Gnoll Ice Elementalist on Feb 5, 2023.
             Was a High Priest of Qazlal.
             Slain by a merfolk aquamancer
             ... wielding a +1 rapier of speed
              (6 damage)
             ... on level 1 of the Shoals on Feb 6, 2023.
             The game lasted 01:43:20 (23873 turns).

zlionsfan the Thaumaturge (Gnoll Ice Elementalist) Turns: 23873, Time: 01:43:21

Health: 0/115      AC: 16    Str: 13    XL:     15   Next: 6%
Magic:  27/39      EV: 16    Int: 23    God:    Qazlal [*****.]
Gold:   1411       SH:  7    Dex: 12    Spells: 3/36 levels left

rFire   + + .      SeeInvis .   a - +8 battleaxe (elec)
rCold   + . .      Faith    .   (shield currently unavailable)
rNeg    . . .      Spirit   .   A - +2 robe {rC+ rF+}
rPois   .          Reflect  .   Q - +1 hat
rElec   .          Harm     .   L - +2 cloak {rF+}
rCorr   .          Rampage  .   F - +2 pair of gloves
Will    +....                   t - +2 pair of boots
Stlth   ++........              P - amulet of magic regeneration
HPRegen 0.29/turn               o - +6 ring of intelligence
MPRegen 0.66/turn               v - ring of magical power

@: repel missiles
A: fangs 1, strong nose, distributed training
a: Renounce Religion, Upheaval, Elemental Force, Disaster Area


You were on level 1 of the Shoals.
You worshipped Qazlal.
Qazlal was extremely pleased with you.
You visited 4 branches of the dungeon, and saw 23 of its levels.
You also visited: Gauntlet, Ice Cave and Volcano.

You collected 1411 gold pieces.

Inventory:

Hand Weapons
 a - a +8 battleaxe of electrocution (weapon)
 b - a +3 battleaxe of flaming
 d - the +1 falchion of Obsession {elec, rPois}
   (You found it on level 4 of the Dungeon)

   It occasionally discharges a powerful burst of electricity upon striking a
   foe.
   rPois:     It protects you from poison.
Missiles
 n - 12 javelins (quivered)
 D - 4 throwing nets
Armour
 l - a +1 buckler
 t - a +2 pair of boots (worn)
 A - a +2 robe of resistance (worn)
 F - a +2 pair of gloves (worn)
 L - a +2 cloak of fire resistance (worn)
 Q - a +1 hat (worn)
Jewellery
 o - a +6 ring of intelligence (left hand)
 r - an amulet of the acrobat
 v - a ring of magical power (right hand)
 z - a ring of see invisible
 M - a ring of protection from cold
 P - an amulet of magic regeneration (around neck)
Wands
 g - a wand of light (11)
 m - a wand of flame (50)
 B - a wand of charming (16)
 C - a wand of polymorph (26)
 H - a wand of digging (9)
 I - a wand of roots (9)
Scrolls
 c - 6 scrolls of immolation
 f - 7 scrolls of teleportation
 k - 4 scrolls of amnesia
 q - 2 scrolls of poison
 s - 3 scrolls of blinking
 u - 4 scrolls of fear
 K - 3 scrolls of fog
 O - a scroll of silence
Potions
 e - 6 potions of brilliance
 h - a potion of resistance {unknown}
 i - 5 potions of lignification
 j - 4 potions of haste
 p - 5 potions of curing
 w - 3 potions of might
 x - 5 potions of magic
 y - 6 potions of mutation
 E - 2 potions of invisibility
 G - a potion of flight {unknown}
 N - 3 potions of cancellation


   Skills:
 + Level 10.1 Fighting
 + Level 10.1 Short Blades
 + Level 10.1 Long Blades
 + Level 10.1 Axes
 + Level 10.1 Maces & Flails
 + Level 10.1 Polearms
 + Level 10.1 Staves
 + Level 10.1 Ranged Weapons
 + Level 10.1 Throwing
 + Level 10.1 Armour
 + Level 11.1 Dodging
 + Level 10.9 Stealth
 + Level 10.1 Shields
 + Level 10.1 Unarmed Combat
 + Level 11.3 Spellcasting
 + Level 8.4 Conjurations
 + Level 8.4 Hexes
 + Level 8.4 Summonings
 + Level 8.4 Necromancy
 + Level 8.4 Translocations
 + Level 8.4 Transmutations
 + Level 8.4 Fire Magic
 + Level 11.0 Ice Magic
 + Level 8.4 Air Magic
 + Level 8.4 Earth Magic
 + Level 8.4 Poison Magic
 + Level 11.0 Invocations
 + Level 10.1 Evocations


You had 3 spell levels left.
You knew the following spells:

 Your Spells              Type           Power      Damage    Failure   Level
a - Freeze                Ice            100%       1d11      1%          1
b - Frozen Ramparts       Ice            100%       1d16      1%          3
c - Ozocubu's Armour      Ice            59%        N/A       1%          3
d - Ensorcelled Hibernat  Hex/Ice        100%       N/A       1%          2
e - Apportation           Tloc           100%       N/A       1%          1
f - Foxfire               Conj/Fire      100%       2x1d9     1%          1
g - Blink                 Tloc           100%       N/A       1%          2
h - Mephitic Cloud        Conj/Pois/Air  51%        N/A       1%          3
i - Inner Flame           Hex/Fire       51%        N/A       1%          3
j - Vampiric Draining     Necr           51%        2d9       1%          3
k - Swiftness             Air            51%        N/A       1%          3
l - Hailstorm             Conj/Ice       55%        3d12      1%          4
m - Flame Wave            Conj/Fire      51%        2d13      1%          4

Your spell library contained the following spells:

 Spells                   Type           Power      Damage    Failure   Level
 Magic Dart               Conj           100%       1d8       1%          1
 Necrotise                Necr           100%       1d9       1%          1
 Slow                     Hex            100%       N/A       1%          1
 Summon Small Mammal      Summ           100%       N/A       1%          1
 Call Imp                 Summ           51%        N/A       1%          2
 Passwall                 Tmut/Erth      42%        N/A       1%          2
 Scorch                   Fire           100%       2d10      1%          2
 Confusing Touch          Hex            51%        N/A       1%          3
 Conjure Flame            Conj/Fire      51%        6-21      1%          3
 Lesser Beckoning         Tloc           51%        N/A       1%          3
 Spider Form              Tmut/Pois      51%        N/A       1%          3
 Anguish                  Hex/Necr       25%        N/A       1%          4
 Ice Form                 Ice/Tmut       55%        N/A       1%          4
 Leda's Liquefaction      Hex/Erth       25%        N/A       1%          4
 Olgreb's Toxic Radiance  Pois           51%        N/A       1%          4
 Summon Ice Beast         Ice/Summ       55%        N/A       1%          4
 Agony                    Necr           51%        N/A       4%          5
 Fireball                 Conj/Fire      25%        3d11      4%          5
 Iskenderun's Battlesphe  Conj           51%        2d10      4%          5
 Lee's Rapid Deconstruct  Erth           25%        3d15*     4%          5
 Manifold Assault         Tloc           51%        N/A       4%          5
 Yara's Violent Unravell  Hex/Tmut       25%        3d11      4%          5
 Conjure Ball Lightning   Conj/Air       25%        3x3d7     24%         6
 Statue Form              Tmut/Erth      34%        N/A       24%         6
 Summon Cactus Giant      Summ           25%        N/A       24%         6
 Ozocubu's Refrigeration  Ice            29%        4d14      41%         7
 Enfeeble                 Hex            25%        N/A       78%         7
 Orb of Destruction       Conj           25%        9d9       78%         7
 Ignition                 Fire           25%        3d9       100%        8


Dungeon Overview and Level Annotations

Branches:
Dungeon (14/15)            Temple (1/1) D:5            Lair (5/5) D:10
 Shoals (3/4) Lair:2        Snake (0/4) Lair:3          Orc (0/2) D:12
 Vaults (0/5) D:14          IceCv (visited)         Volcano (visited)
Gauntlet (visited)
  Slime: Lair:4-5

Altars:
Ashenzari
Cheibriados
Dithmenos
Elyvilon
Fedhas
Gozag
Hepliaklqana
Kikubaaqudgha
Makhleb
Nemelex Xobeh
Okawaru
Qazlal
Ru
Sif Muna
Trog
Uskayaw
Vehumet
Wu Jian
Xom
Yredelemnul
Zin
The Shining One

Shops:
D:7 [

Annotations:
D:3 3 runed translucent doors, DoomGuy's ghost, amateur HuFi; Thatpatchoflichen's ghost, amateur OgMo
D:5 Edmund
Lair:2 2 transporters, Fuivviy's ghost, journeyman PaAM
Shoals:3 Ilsuiw


Innate Abilities, Weirdness & Mutations

You have very sharp teeth.
Your uncanny sense of smell can sniff out nearby items.
Your experience applies equally to all skills.


Message History

* * * LOW HITPOINT WARNING * * *
x2
Casting: Flame Wave (mildly dangerous; 1% risk of failure)
Confirm with . or Enter, or press ? or * to list all spells.
Aiming: Mephitic Cloud (safe; 1% risk of failure)
Press: ? - help, Shift-Dir - straight line, f - merfolk javelineer
Aim: a merfolk javelineer, wielding a +3 antimagic spear, wearing a +0 leather armour and quivering silver javelins (lightly wounded, chance to affect: 39%)
The ball explodes into a vile cloud!
The stinking cloud engulfs the merfolk javelineer but does no damage.
The merfolk javelineer is lightly wounded.
The stinking cloud engulfs the water elemental but does no damage.
The water elemental is almost destroyed.
You block the water elemental's attack.
The merfolk javelineer is engulfed in noxious fumes.
The merfolk javelineer throws a silver javelin.
The silver javelin closely misses you.
Casting: Mephitic Cloud (safe; 1% risk of failure)
Confirm with . or Enter, or press ? or * to list all spells.
Okay, then.
You slice the water elemental!!
You destroy the water elemental!
Qazlal accepts your kill.
The merfolk javelineer is engulfed in noxious fumes.
The merfolk javelineer throws a silver javelin.
The silver javelin pierces through you!
* * * LOW HITPOINT WARNING * * *
x2
Casting: Mephitic Cloud (safe; 1% risk of failure)
Confirm with . or Enter, or press ? or * to list all spells.
Aiming: Mephitic Cloud (safe; 1% risk of failure)
Press: ? - help, Shift-Dir - straight line, f - merfolk aquamancer, p - merfolk javelineer
Aim: a merfolk aquamancer, wielding a +1 rapier of speed and wearing a +0 robe (moderately wounded, chance to affect: 34%)
The ball explodes into a vile cloud!
The stinking cloud engulfs the merfolk aquamancer but does no damage.
The merfolk aquamancer is moderately wounded.
The merfolk javelineer is engulfed in noxious fumes.
The merfolk javelineer appears confused.
The merfolk aquamancer is engulfed in noxious fumes.
The merfolk javelineer is engulfed in noxious fumes.
The merfolk javelineer appears confused.
The merfolk aquamancer hits you with a +1 rapier of speed.
You die...

#.......~≈≈~≈≈≈~~~≈.
##......~~≈~~≈≈≈~~.
##......~~~~~≈≈~.
#.....~~...~~≈E# ..
##......~...~~~m# ...
#.....~..###..~.####..#
#........# ##.S.☼)..#
##..~.....###.###m...#
#.............##@°†.##
#.....~~~~~~≈≈..☼☼○.#
#....~~~~~~≈≈≈~°○m°...≈≈
#...~~~~~~~≈≈≈≈~~~~~..~~
...~~~≈≈~~~~~~~~~~~~.~...
..~~~≈≈≈≈~~~~~~~~~~~~~~.~
~~~~≈≈≈≈≈~~~~~~~~~~~~~~~~
~~≈≈≈≈≈≈≈≈~~~~~~≈≈~~~~~~
≈≈≈≈≈≈≈≈≈≈≈≈~~≈≈≈≈≈≈≈≈≈


You could see a merfolk javelineer (confused) and a merfolk aquamancer.

Vanquished Creatures
  Snorg (D:11)
  A merfolk javelineer (Shoals:2)
  Harold (D:10)
  A vault guard (D:14)
  A catoblepas (D:13)
  5 hydras
  A merfolk avatar (Shoals:1)
  A boulder beetle (D:14)
  A merfolk aquamancer (Shoals:1)
  A two-headed ogre (D:12)
  3 centaur warriors
  A satyr (Shoals:2)
  2 tengu warriors
  Urug (Lair:1)
  3 sea snakes (Shoals:1)
  A necromancer (D:14)
  12 harpies (Shoals:2)
  2 wizards (D:14)
  A cyclops (Shoals:1)
  6 ugly things
  Maurice (D:10)
  6 manticores
  3 elephants (Lair:1)
  A black mamba (Lair:2)
  A torpor snail (Lair:3)
  4 water nymphs
  6 cane toads
  A molten gargoyle (Volcano)
  Psyche (D:8)
  Maggie (D:10)
  An unseen horror (D:12)
  A rime drake (Lair:4)
  An efreet (D:14)
  8 komodo dragons
  A tengu conjurer (D:13)
  2 ice devils (D:12)
  A troll (D:9)
  10 merfolk
  A wind drake (Shoals:2)
  A polar bear (Lair:2)
  7 blink frogs
  A hornet (D:10)
  3 meliai (D:13)
  3 dream sheep (Shoals:1)
  7 slime creatures
  3 snapping turtles
  30 yaks
  2 shadows
  A wraith (D:10)
  A wyvern (D:10)
  2 vampires
  8 water elementals (Shoals:1)
  21 humans (D:14)
  3 fire bats (Lair:3)
  2 basilisks
  2 fire elementals (Volcano)
  9 vampire mosquitoes
  A naga (Lair:3)
  An acid dragon (D:13)
  5 orc warriors
  7 water moccasins
  An ice beast (D:8)
  5 black bears
  A sky beast (D:7)
  3 ogres
  13 centaurs
  2 phantoms
  Blork the orc (D:6)
  4 kobold brigands
  2 necrophages (D:6)
  15 bullfrogs
  A gnoll sergeant (D:6)
  3 scorpions
  8 wights
  10 killer bees
  An electric eel (D:8)
  6 hounds
  2 jellies
  2 gnoll boudas (D:6)
  2 orc priests
  Jessica (D:2)
  8 iguanas
  12 orc wizards
  A boggart simulacrum (D:14)
  14 gnolls
  5 adders
  2 white imps
  An ufetubus (D:6)
  2 dart slugs
  28 orcs
  5 bats
  5 endoplasms
  3 giant cockroaches
  6 goblins
  14 hobgoblins
  2 jackals (D:2)
  27 kobolds
  4 quokkas
  3 ball pythons
  4 frilled lizards
  6 rats
452 creatures vanquished.

Vanquished Creatures (collateral kills)
  A merfolk impaler (Shoals:2)
  2 harpies (Shoals:2)
  A merfolk (Shoals:2)
4 creatures vanquished.

Vanquished Creatures (others)
  A kobold (D:10)
  42 foxfires
  38 fungi
  98 plants
  7 withered plants
186 creatures vanquished.

Grand Total: 642 creatures vanquished

Notes
Turn   | Place    | Note
-------+----------+-------------------------------------------
     0 | D:1      | zlionsfan the Gnoll Ice Elementalist began the quest for
                  | the Orb.
     0 | D:1      | Reached XP level 1. HP: 13/13 MP: 6/6
    72 | D:1      | Reached XP level 2. HP: 17/19 MP: 1/7
   434 | D:1      | Found a faded altar of an unknown god.
   591 | D:1      | Reached skill level 5 in Spellcasting
   591 | D:1      | Reached XP level 3. HP: 24/25 MP: 5/9
   595 | D:1      | Learned a level 3 spell: Frozen Ramparts
   599 | D:1      | Learned a level 3 spell: Ozocubu's Armour
   986 | D:1      | Reached skill level 1 in Invocations
  1298 | D:1      | Learned a level 1 spell: Slow
  1437 | D:2      | Reached skill level 1 in Fighting
  1437 | D:2      | Reached skill level 1 in Short Blades
  1437 | D:2      | Reached skill level 1 in Long Blades
  1437 | D:2      | Reached skill level 1 in Axes
  1437 | D:2      | Reached skill level 1 in Maces & Flails
  1437 | D:2      | Reached skill level 1 in Polearms
  1437 | D:2      | Reached skill level 1 in Staves
  1437 | D:2      | Reached skill level 1 in Ranged Weapons
  1437 | D:2      | Reached skill level 1 in Throwing
  1437 | D:2      | Reached skill level 1 in Armour
  1437 | D:2      | Reached skill level 1 in Shields
  1437 | D:2      | Reached skill level 1 in Unarmed Combat
  1437 | D:2      | Reached skill level 1 in Evocations
  1531 | D:2      | Reached XP level 4. HP: 32/32 MP: 6/11
  1697 | D:2      | You fall into a shaft and drop 1 floor!
  1822 | D:2      | Reached skill level 1 in Conjurations
  1822 | D:2      | Reached skill level 1 in Hexes
  1822 | D:2      | Reached skill level 1 in Summonings
  1822 | D:2      | Reached skill level 1 in Necromancy
  1822 | D:2      | Reached skill level 1 in Translocations
  1822 | D:2      | Reached skill level 1 in Transmutations
  1822 | D:2      | Reached skill level 1 in Fire Magic
  1822 | D:2      | Reached skill level 1 in Air Magic
  1822 | D:2      | Reached skill level 1 in Earth Magic
  1822 | D:2      | Reached skill level 1 in Poison Magic
  1824 | D:2      | Noticed Jessica
  1828 | D:2      | Killed Jessica
  2011 | D:2      | Reached XP level 5. HP: 37/37 MP: 4/12
  2250 | D:3      | Found a runed translucent gate.
  2250 | D:3      | Found a runed translucent gate.
  2250 | D:3      | Found a runed translucent gate.
  2253 | D:3      | Noticed Thatpatchoflichen's ghost (amateur OgMo)
  2253 | D:3      | Noticed DoomGuy's ghost (amateur HuFi)
  3166 | D:4      | Identified the +1 falchion of Obsession {elec, rPois}
  3297 | D:5      | Entered Level 5 of the Dungeon
  3327 | D:5      | Found a staircase to the Ecumenical Temple.
  3332 | D:5      | Noticed a phantom
  3336 | Temple   | Entered the Ecumenical Temple
  3524 | Temple   | Became a worshipper of Qazlal Stormbringer
  3666 | D:5      | Learned a level 1 spell: Apportation
  3668 | D:5      | Learned a level 1 spell: Foxfire
  3765 | D:5      | Reached XP level 6. HP: 37/44 MP: 8/14
  3841 | D:5      | Reached skill level 5 in Dodging
  3984 | D:5      | Found a hide-covered altar of Uskayaw.
  4054 | D:5      | Noticed Edmund
  4252 | D:5      | Reached XP level 7. HP: 49/51 MP: 6/15
  4378 | D:5      | Learned a level 2 spell: Ensorcelled Hibernation
  4679 | D:6      | Reached skill level 5 in Stealth
  4924 | D:6      | Reached XP level 8. HP: 58/58 MP: 10/16
  5006 | D:6      | Noticed Blork the orc
  5016 | D:6      | Killed Blork the orc
  5254 | D:6      | Learned a level 3 spell: Mephitic Cloud
  5503 | D:6      | Identified the +1 flail "Maumipuk" {vorpal, rElec Int-3
                  | Dex+3 Stlth-}
  6277 | D:6      | Reached * piety under Qazlal
  6380 | D:6      | Reached XP level 9. HP: 51/65 MP: 16/18
  6962 | D:7      | Reached ** piety under Qazlal
  7260 | D:7      | Found Fegriuhi's Armour Emporium.
  8160 | D:8      | Found a glowing golden altar of the Shining One.
  8201 | D:8      | Learned a level 3 spell: Inner Flame
  8239 | D:8      | Reached skill level 5 in Invocations
  8368 | D:8      | Noticed Psyche
  8377 | D:8      | Killed Psyche
  8516 | D:8      | Reached skill level 5 in Fighting
  8516 | D:8      | Reached skill level 5 in Short Blades
  8516 | D:8      | Reached skill level 5 in Long Blades
  8516 | D:8      | Reached skill level 5 in Axes
  8516 | D:8      | Reached skill level 5 in Maces & Flails
  8516 | D:8      | Reached skill level 5 in Polearms
  8516 | D:8      | Reached skill level 5 in Staves
  8516 | D:8      | Reached skill level 5 in Ranged Weapons
  8516 | D:8      | Reached skill level 5 in Throwing
  8516 | D:8      | Reached skill level 5 in Armour
  8516 | D:8      | Reached skill level 5 in Shields
  8516 | D:8      | Reached skill level 5 in Unarmed Combat
  8516 | D:8      | Reached skill level 5 in Evocations
  8633 | D:8      | Reached XP level 10. HP: 74/74 MP: 16/20
  9418 | D:9      | Found a basalt altar of Yredelemnul.
  9513 | D:9      | Found a sacrificial altar of Ru.
  9536 | D:9      | Reached *** piety under Qazlal
  9844 | D:10     | Entered Level 10 of the Dungeon
  9846 | D:10     | Noticed an eight-headed hydra
  9885 | D:10     | Identified the +2 robe of Fyatzos {rN++ Str-5 Int+2}
  9897 | D:10     | Found a white marble altar of Elyvilon.
  9949 | D:10     | Noticed Maurice
  9952 | D:10     | Noticed Maggie
  9960 | D:10     | Killed Maurice
 10400 | D:10     | Noticed Harold
 10418 | D:10     | Reached skill level 5 in Conjurations
 10418 | D:10     | Reached skill level 5 in Hexes
 10418 | D:10     | Reached skill level 5 in Summonings
 10418 | D:10     | Reached skill level 5 in Necromancy
 10418 | D:10     | Reached skill level 5 in Translocations
 10418 | D:10     | Reached skill level 5 in Transmutations
 10418 | D:10     | Reached skill level 5 in Fire Magic
 10418 | D:10     | Reached skill level 5 in Air Magic
 10418 | D:10     | Reached skill level 5 in Earth Magic
 10418 | D:10     | Reached skill level 5 in Poison Magic
 10419 | D:10     | Reached XP level 11. HP: 26/81 MP: 12/22
 10502 | D:10     | Killed Harold
 10511 | D:10     | Found a staircase to the Lair.
 10885 | D:11     | Reached **** piety under Qazlal
 10925 | D:11     | Noticed a manticore
 10938 | D:11     | Killed a manticore
 11026 | D:11     | Noticed Snorg
 11034 | D:11     | Killed Snorg
 11445 | D:11     | Noticed a six-headed hydra
 12081 | D:11     | Learned a level 3 spell: Vampiric Draining
 12085 | D:11     | Learned a level 3 spell: Swiftness
 12145 | D:11     | Noticed a six-headed hydra
 12849 | Lair:1   | Entered Level 1 of the Lair of Beasts
 12872 | Lair:1   | Noticed Urug
 12878 | Lair:1   | Killed Urug
 13100 | Lair:1   | Learned a level 2 spell: Blink
 13189 | Lair:1   | Reached XP level 12. HP: 91/91 MP: 17/24
 14208 | Lair:2   | Found a staircase to the Shoals.
 14346 | Lair:2   | Noticed Fuivviy's ghost (journeyman PaAM)
 14352 | Lair:2   | Found a transporter.
 14394 | Lair:2   | Found a transporter.
 14498 | Lair:2   | Noticed a four-headed hydra
 14508 | Lair:2   | Killed a four-headed hydra
 14877 | Lair:3   | Noticed a seven-headed hydra
 15143 | Lair:3   | Reached ***** piety under Qazlal
 15262 | Lair:3   | Found a dark tunnel.
 15271 | Volcano  | Entered a volcano
 15493 | Lair:3   | Found a staircase to the Snake Pit.
 15661 | Lair:3   | Killed a six-headed hydra
 16186 | D:10     | Killed Maggie
 16390 | D:10     | Killed a seven-headed hydra
 16391 | D:10     | Reached XP level 13. HP: 87/98 MP: 26/26
 17216 | Lair:4   | Reached skill level 10 in Ice Magic
 18213 | Lair:5   | Entered Level 5 of the Lair of Beasts
 18600 | D:12     | Found a staircase to the Orcish Mines.
 18981 | D:12     | Reached skill level 10 in Spellcasting
 19174 | D:12     | Found a frozen archway.
 19197 | IceCv    | Entered an ice cave
 19745 | D:13     | Identified the +10 hand axe of Reirach {elec, Str+3}
 19780 | D:13     | Reached skill level 10 in Dodging
 19820 | D:13     | Found a gate leading to a gauntlet.
 19838 | Gauntlet | Entered a Gauntlet
 19838 | Gauntlet | Found a transporter.
 20024 | Gauntlet | Found a transporter.
 20026 | Gauntlet | Found a transporter.
 20129 | D:13     | Learned a level 4 spell: Hailstorm
 20469 | D:14     | Reached skill level 10 in Stealth
 20873 | D:14     | Reached XP level 14. HP: 102/108 MP: 28/28
 20875 | D:14     | Reached skill level 10 in Invocations
 21051 | D:14     | Found a gate to the Vaults.
 21302 | D:14     | Learned a level 4 spell: Flame Wave
 21320 | D:14     | Identified the +0 plate armour of Ivupufoit {rN++ rCorr
                  | Int-3}
 21327 | D:14     | Found an iron altar of Okawaru.
 21701 | Shoals:1 | Entered Level 1 of the Shoals
 22701 | Shoals:1 | You fall into a shaft and drop 1 floor!
 22725 | Shoals:3 | Noticed Ilsuiw
 22916 | Shoals:2 | Reached skill level 10 in Fighting
 22916 | Shoals:2 | Reached skill level 10 in Short Blades
 22916 | Shoals:2 | Reached skill level 10 in Long Blades
 22916 | Shoals:2 | Reached skill level 10 in Axes
 22916 | Shoals:2 | Reached skill level 10 in Maces & Flails
 22916 | Shoals:2 | Reached skill level 10 in Polearms
 22916 | Shoals:2 | Reached skill level 10 in Staves
 22916 | Shoals:2 | Reached skill level 10 in Ranged Weapons
 22916 | Shoals:2 | Reached skill level 10 in Throwing
 22916 | Shoals:2 | Reached skill level 10 in Armour
 22916 | Shoals:2 | Reached skill level 10 in Shields
 22916 | Shoals:2 | Reached skill level 10 in Unarmed Combat
 22916 | Shoals:2 | Reached skill level 10 in Evocations
 23459 | Shoals:2 | Reached XP level 15. HP: 59/115 MP: 30/30
 23871 | Shoals:1 | HP: 5/115 [merfolk javelineer/silver javelin (3)]
 23873 | Shoals:1 | Slain by a merfolk aquamancer

Illustrated notes

Levels and vault maps discovered:
D:1:      noname_arrival_rooms_in_the_neighbourhood, layout_basic,
          shapermc_ecumenical_altar_flowoftime, st_stairs_9,
          hangedman_abyss_or_decor_stabs, nicolae_figureground_pulse
D:2:      layout_rooms, uniq_jessica
D:3:      layout_rooms, gammafunk_ghost_cemetery, minmay_misc_feat_columns
D:4:      layout_loops_cross, corexii_shack
D:5:      layout_gridville, nicolae_uskayaw_dance_hall,
          minmay_temple_entry_tees, uniq_edmund
D:6:      kennysheep_housing_project, layout_layer_cave, minivault_11,
          uniq_blork_the_orc
D:7:      layout_loops_ring, serial_shops, nicolae_stop_n_shop_1,
          serial_park_tiny_pond, roderic_lattice_a,
          chequers_serial_rivers_small_b
D:8:      statuecave_lemuel, layout_loops_ring, lemuel_crystal_altar,
          uniq_psyche
D:9:      layout_layer_cave, mainiacjoe_overflow_six_doors_small,
          mainiacjoe_overflow_alcove_1, serial_bayou_crossing
D:10:     layout_gridville, nicolae_overflow_crystal_walls,
          due_lair_maze_entry_diamond, minmay_misc_feat_chi, uniq_maggie,
          uniq_harold, uniq_maurice
D:11:     layout_basic, minmay_misc_feat_nine_boxes, uniq_snorg
D:12:     layout_small_grid, orc_0_dummy, portal_ice_cave_demonic_guard
D:13:     layout_cave_pools, gauntlet_entry_generic
D:14:     layout_roguey, grunt_vaults_entry_tiered,
          minmay_staircase_windowed_small, okawaru_ov_weapons_minmay
Temple:   minmay_crystal_spiral_temple
Lair:1:   layout_hall_layers, uniq_urug
Lair:2:   layout_roguey, minmay_shoals_entry_centaurs, gammafunk_ghost_arena,
          grunt_megastairs_2
Lair:3:   layout_roguey, guppyfry_snake_entry_garden,
          nicolae_volcano_entry_batcave, pond, lemuel_fruit_fields
Lair:4:   layout_layer_cave
Lair:5:   evilmike_catoblepas_cave, layout_cave_pods, dpeg_slime_entry_corner
Shoals:1: layout_shoals
Shoals:2: layout_shoals, nicolae_shoals_this_corrosion
Shoals:3: layout_shoals, uniq_ilsuiw

Skill      XL: |  1  2  3  4  5  6  7  8  9 10 11 12 13 14 15 |
---------------+----------------------------------------------+-----
Spellcasting   | 5 6 7 8 9 10 11 | 11.3
Invocations    | 1 2 3 4 5 6 7 8 9 10 11 | 11.0
Fighting       | 1 2 3 5 6 7 8 9 10 | 10.1
Short Blades   | 1 2 3 5 6 7 8 9 10 | 10.1
Long Blades    | 1 2 3 5 6 7 8 9 10 | 10.1
Axes           | 1 2 3 5 6 7 8 9 10 | 10.1
Maces & Flails | 1 2 3 5 6 7 8 9 10 | 10.1
Polearms       | 1 2 3 5 6 7 8 9 10 | 10.1
Staves         | 1 2 3 5 6 7 8 9 10 | 10.1
Ranged Weapons | 1 2 3 5 6 7 8 9 10 | 10.1
Throwing       | 1 2 3 5 6 7 8 9 10 | 10.1
Armour         | 1 2 3 5 6 7 8 9 10 | 10.1
Shields        | 1 2 3 5 6 7 8 9 10 | 10.1
Unarmed Combat | 1 2 3 5 6 7 8 9 10 | 10.1
Evocations     | 1 2 3 5 6 7 8 9 10 | 10.1
Conjurations   | 1 2 3 4 5 6 7 8 |  8.4
Hexes          | 1 2 3 4 5 6 7 8 |  8.4
Summonings     | 1 2 3 4 5 6 7 8 |  8.4
Necromancy     | 1 2 3 4 5 6 7 8 |  8.4
Translocations | 1 2 3 4 5 6 7 8 |  8.4
Transmutations | 1 2 3 4 5 6 7 8 |  8.4
Fire Magic     | 1 2 3 4 5 6 7 8 |  8.4
Air Magic      | 1 2 3 4 5 6 7 8 |  8.4
Earth Magic    | 1 2 3 4 5 6 7 8 |  8.4
Poison Magic   | 1 2 3 4 5 6 7 8 |  8.4
Dodging        | 5 6 7 8 9 10 11 | 11.1
Stealth        | 5 6 7 8 9 10 | 10.9
Ice Magic      | 8 9 10 11 | 11.0

Action                   |  1- 3 |  4- 6 |  7- 9 | 10-12 | 13-15 || total
-------------------------+-------+-------+-------+-------+-------++-------
Melee: Dagger            |    23 |    11 |       |       |       ||    34
       Bite              |     2 |       |    12 |    25 |    41 ||    80
       Falchion          |       |     8 |     6 |       |       ||    14
       Battleaxe         |       |       |   108 |   262 |   298 ||   668
       Flail             |       |       |       |     5 |       ||     5
Throw: Javelin           |       |       |     3 |       |     2 ||     5
 Cast: Freeze            |    35 |    38 |    43 |    25 |     5 ||   146
       Frozen Ramparts   |     4 |    11 |    37 |    48 |    58 ||   158
       Foxfire           |       |     2 |    15 |     3 |     5 ||    25
       Ozocubu's Armour  |       |     1 |    17 |    40 |    34 ||    92
       Ensorcelled Hiber |       |       |     1 |       |     3 ||     4
       Mephitic Cloud    |       |       |     1 |    10 |    31 ||    42
       Apportation       |       |       |     1 |       |     3 ||     4
       Swiftness         |       |       |       |     1 |       ||     1
       Hailstorm         |       |       |       |       |     5 ||     5
       Flame Wave        |       |       |       |       |    11 ||    11
       Vampiric Draining |       |       |       |       |     1 ||     1
Invok: Elemental Force   |       |       |       |       |     2 ||     2
Evoke: Wand              |       |       |       |     6 |     5 ||    11
  Use: Scroll            |       |     9 |     3 |    14 |    10 ||    36
       Potion            |       |       |     1 |     3 |     3 ||     7
 Stab: Sleeping          |     3 |     7 |     5 |       |       ||    15
       Distracted        |       |       |       |     1 |       ||     1
       Confused          |       |       |       |     4 |     9 ||    13
       Petrified         |       |       |       |       |     3 ||     3
       Paralysed         |       |       |       |       |     1 ||     1
Armor: Robe              |     4 |    10 |    52 |   132 |   185 ||   383
Dodge: Dodged            |    32 |    26 |   136 |   268 |   258 ||   720
       Repelled          |       |       |       |       |     4 ||     4
Block: Buckler           |       |     8 |     4 |       |       ||    12
       Other             |       |       |    10 |    99 |   132 ||   241
